AoeStats
← DJax

Arabia

510001286Analyzed
1v1 RM · 2d ago on Sep 29, 2026· 37m 51s· 2 players
Game mode
Random Map
Map size
Tiny (2 player)
Population
200
Speed
Normal
Resources
Standard
Victory
Conquest
Starting age
Dark Age
Ending age
Imperial Age
RankedLock teamsTeams togetherTeam positionsShared explorationLock speedFull tech treeHidden civsTurbo modeCheats
Victory
Defeat
🇩🇪 Persians · Germany
1047
+14
🇺🇸 Vikings · United States
1014
-14
s3
7:29 Loom
8:59 Loom
15:02 Feudal Age
22:23 Castle Age
29:25 Double-Bit Axe
35:26 Fletching
DJax
7:13 Loom
9:48 Feudal Age
13:31 Double-Bit Axe
20:07 Fletching
26:01 Castle Age
25:38 Horse Collar
26:51 Bodkin Arrow
26:18 Crossbowman
31:04 Ballistics
36:10 Padded Archer Armor
36:11 Scale Mail Armor
Connection lost

Rejoining the realm…

Still unreachable

The connection could not be restored.

Session expired

The server has moved on; the page needs a fresh start.